 Crawl Stoat Soup version 0.23-ish-327-79-gcf5fd2a (webtiles) character file.

4 ipoke the Stinger (level 1, 0/10 HPs)
             Began as a Gargoyle Venom Mage on Apr 21, 2024.
             Slain by a giant cockroach (1 damage)
             ... on level 1 of the Dungeon.
             The game lasted 00:03:19 (68 turns).

ipoke the Stinger (Gargoyle Venom Mage)               Turns: 68, Time: 00:03:20

Health: 0/10       AC:  4    Str: 11    XL:     1   Next: 60%
Magic:  3/3        EV: 11    Int: 15    God:
Gold:   9          SH:  0    Dex: 10    Spells: 3/4 levels left

rFire    . . .     SeeInvis .   a - +0 short sword
rCold    . . .     Gourm    .   (no shield)
rNeg     + . .     Faith    .   b - +0 robe
rPois    ∞         Spirit   .   (no helmet)
rElec    +         Warding  .   (no cloak)
rCorr    .         Reflect  .   (no gloves)
MR       .....     Harm     .   (no boots)
Stlth    ++........             (no amulet)
HPRegen  0.03/turn              (no ring)
MPRegen  0.08/turn              (no ring)

@: no status effects
A: negative energy resistance 1, electricity resistance, unbreathing,
petrification resistance, rot immunity, AC +2
a: no special abilities


You were on level 1 of the Dungeon.
You were very full.

You visited 1 branch of the dungeon, and saw 1 of its levels.

You collected 9 gold pieces.

Inventory:

Hand Weapons
 a - a +0 short sword (weapon)
Armour
 b - a +0 robe (worn)


   Skills:
 + Level 1.5 Dodging
 + Level 2.1 Stealth
 + Level 2.1 Spellcasting
 + Level 1.1 Conjurations
 + Level 3.2 Poison Magic


You had 3 spell levels left.
You knew the following spells:

 Your Spells              Type           Power        Failure   Level  Hunger
z - Sting                 Conj/Pois      8/25         9%          1    #......

Your spell library contained the following spells:

 Spells                   Type           Power        Failure   Level  Hunger
 Poisonous Vapours        Pois/Air       6/50         17%         2    ###....
 Mephitic Cloud           Conj/Pois/Air  5/100        36%         3    ###....
 Olgreb's Toxic Radiance  Pois           11/100       52%         4    #####..
 Venom Bolt               Conj/Pois      8/200        94%         5    ######.


Dungeon Overview and Level Annotations

Branches:
Dungeon (1/15)

Altars:


Innate Abilities, Weirdness & Mutations

You are resistant to torment.
Your stone body is resilient. (AC +2)
You are immune to poison.
You resist negative energy. (rN+)
You are resistant to electric shocks. (rElec)
You can survive without breathing.
You are immune to petrification.
You are immune to rotting.


Message History

The giant cockroach barely misses you. The goblin closely misses you.
The giant cockroach barely misses you. The frilled lizard barely misses you.
You hit the frilled lizard.
You kill the frilled lizard!
The bat hits you but does no damage. The goblin closely misses you.
The giant cockroach bites you but does no damage.
The bat hits you but does no damage. The goblin hits you but does no damage.
There are monsters nearby!
There are monsters nearby!
There are monsters nearby!
There are monsters nearby!
There are monsters nearby!
You hit the giant cockroach but do no damage.
The bat hits you but does no damage. The rat misses you.
The giant cockroach bites you but does no damage.
The goblin closely misses you. The bat hits you but does no damage.
The giant cockroach misses you. The rat bites you but does no damage.
The goblin throws a poisoned dart.
The poisoned dart closely misses you. The giant cockroach bites you.
You die...

#.........[..# .
#............# #.
#............#
#.##............#
#..............#####
####.................#
.......g)(b..(...#...#
.......s>...8.8###8.8#
$....#.r@((.#.#####.##
.#.# #.##..(#.#.#.#.#
.. ... ....#.......# #
###. ....#...<...# ..
....#.......#
.....[(#.#.#.#.#
...#.#####.# ##.#. #.#
#. #.#


You could see a giant cockroach, a goblin, a bat and a rat.

Vanquished Creatures
  A giant cockroach (D:1)
  2 kobolds (D:1)
  A frilled lizard (D:1)
4 creatures vanquished.

Notes
Turn   | Place    | Note
-------+----------+-------------------------------------------
     0 | D:1      | ipoke the Gargoyle Venom Mage began the quest for the Orb.
     0 | D:1      | Reached XP level 1. HP: 10/10 MP: 3/3
    68 | D:1      | Slain by a giant cockroach

Vault maps used:
D:1:      psy_arrival_basics, minmay_hexomino_f4

Action                   || total
-------------------------++-------
Melee: Short sword       ||    31
  Eat: Bread ration      ||     1
Armor: Robe              ||    22
Dodge: Dodged            ||    49

Table legend:
 A = Spawn XP
 B = Non-spawn XP
 C = Spawn XP percentage of total XP
 D = Spawn monster count
 E = Non-spawn monster count
 F = Spawn count percentage of total count
 G = Total turns spent on level
                    A         B        C        D         E        F      G
               +---------+---------+-------+---------+---------+-------+---------
         Total |       1 |       5 |  16.7 |       1 |       3 |  25.0 |    68
               +---------+---------+-------+---------+---------+-------+---------
           D:1 |       1 |       5 |  16.7 |       1 |       3 |  25.0 |    68
               +---------+---------+-------+---------+---------+-------+---------
